AoeStats
← Jozz

Arabia

510308411Analyzed
1v1 RM · 2d ago on Sep 30, 2026· 31m 51s· 2 players
Game mode
Random Map
Map size
Tiny (2 player)
Population
200
Speed
Normal
Resources
Standard
Victory
Conquest
Starting age
Dark Age
Ending age
Imperial Age
RankedLock teamsTeams togetherTeam positionsShared explorationLock speedFull tech treeHidden civsTurbo modeCheats
Victory
Defeat
🇷🇴 Franks · Romania
1279
+18
🇧🇪 Lithuanians · Belgium
1325
-18
Jozz
5:24 Loom
8:33 Feudal Age
9:11 Double-Bit Axe
15:23 Horse Collar
20:24 Castle Age
19:27 Wheelbarrow
19:25 Scale Barding Armor
19:30 Forging
20:11 Bloodlines
20:10 Gold Mining
21:48 Bow Saw
21:40 Pikeman
123a
6:13 Loom
9:09 Feudal Age
9:43 Double-Bit Axe
19:26 Castle Age
17:33 Gold Mining
20:19 Wheelbarrow
20:21 Bow Saw
20:43 Forging
20:39 Scale Barding Armor
21:07 Husbandry
31:01 Iron Casting
Connection lost

Rejoining the realm…

Still unreachable

The connection could not be restored.

Session expired

The server has moved on; the page needs a fresh start.